3L
LAS VEGAS FLAMINGOS @ GREENVILLE 84S
08/15/2027
 
TOP OF THE 1ST
Las Vegas Flamingos batting - Pitching for Greenville 84s : RHP Quintiliano Seixal
Pitching: RHP Quintiliano Seixal
Batting: RHB Sake van Arem 0-0: Foul Ball, location: 2F
0-1: Ball
1-1: Ball
2-1: Ground out U3 (Groundball, 34)
Batting: LHB Ruud van Ineveld 0-0: Ball
1-0: Foul Ball, location: 2F
1-1: Ball
2-1: Fly out, F6 (Line Drive, 6)
Batting: LHB Victor Adams 0-0: Swinging Strike
0-1: Ball
1-1: Ball
2-1: Swinging Strike
2-2: Ball
3-2: Ground out 1-3 (Groundball, 15)
Top of the 1st over - 0 run(s), 0 hit(s), 0 error(s), 0 left on base; Las Vegas 0 - Greenville 0
BOTTOM OF THE 1ST
Greenville 84s batting - Pitching for Las Vegas Flamingos : RHP Melvin Haney
Pitching: RHP Melvin Haney
Batting: RHB Roberto Escues 0-0: Foul Ball, location: 2F
0-1: Ball
1-1: Ball
2-1: Ground out 6-3 (Groundball, 6)
Batting: SHB Jorge Barrios 0-0: Ball
1-0: Called Strike
1-1: Called Strike
1-2: Ball
2-2: Strikes out swinging
Batting: RHB Dani Serrano 0-0: Called Strike
0-1: Ball
1-1: Ball
2-1: Swinging Strike
2-2: Foul Ball, location: 2F
2-2: Ball
3-2: Base on Balls
Batting: RHB Juan García 0-0: Ball
1-0: SINGLE (Line Drive, 8LS)
Dani Serrano to second
Batting: SHB Francisco Reyes 0-0: Ball
1-0: Called Strike
1-1: Ground out 6-3 (Groundball, 6MS)
Bottom of the 1st over - 0 run(s), 1 hit(s), 0 error(s), 2 left on base; Las Vegas 0 - Greenville 0
TOP OF THE 2ND
Las Vegas Flamingos batting - Pitching for Greenville 84s : RHP Quintiliano Seixal
Batting: LHB Chris McKinney 0-0: Called Strike
0-1: Swinging Strike
0-2: Ball
1-2: Strikes out swinging
Batting: RHB Xavier Hernández 0-0: Fly out, F7 (Flyball, 7LS)
Batting: RHB Jeff Young 0-0: Called Strike
0-1: Ball
1-1: Ball
2-1: Fly out, F8 (Line Drive, 8LD)
Top of the 2nd over - 0 run(s), 0 hit(s), 0 error(s), 0 left on base; Las Vegas 0 - Greenville 0
BOTTOM OF THE 2ND
Greenville 84s batting - Pitching for Las Vegas Flamingos : RHP Melvin Haney
Batting: RHB Rodrigo Lugo 0-0: Ball
1-0: Called Strike
1-1: Called Strike
1-2: Ball
2-2: Ball
3-2: Foul Ball, location: 2F
3-2: Fly out, F8 (Flyball, 78XD)
Batting: RHB Gabriel Rodríguez 0-0: Ball
1-0: Called Strike
1-1: Foul Ball, location: 2F
1-2: Foul Ball, location: 2F
1-2: Ball
2-2: Ground out 6-3 (Groundball, 6)
Batting: RHB Pablo Marrero 0-0: Foul Ball, location: 2F
0-1: Foul Ball, location: 2F
0-2: Foul Ball, location: 2F
0-2: Ground out 6-3 (Groundball, 6)
Bottom of the 2nd over - 0 run(s), 0 hit(s), 0 error(s), 0 left on base; Las Vegas 0 - Greenville 0
TOP OF THE 3RD
Las Vegas Flamingos batting - Pitching for Greenville 84s : RHP Quintiliano Seixal
Batting: SHB Wilbert Carter 0-0: Ball
1-0: Ball
2-0: Called Strike
2-1: Called Strike
2-2: SINGLE (Groundball, 6) (infield hit)
Batting: RHB Pepe Castroneves 0-0: Called Strike
0-1: Foul Ball, location: 2F
0-2: Strikes out swinging
Batting: RHB Rob Thomason 0-0: Ball
1-0: Ball
2-0: Called Strike
2-1: Swinging Strike
2-2: Strikes out swinging
Batting: RHB Sake van Arem 0-0: Called Strike
0-1: Ball
1-1: Called Strike
1-2: Ball
Throwing error on steal attempt, E2
Wilbert Carter to third
2-2: Foul Ball, location: 2F
2-2: Ball
3-2: Foul Ball, location: 2F
3-2: Foul Ball, location: 2F
3-2: Foul Ball, location: 2F
3-2: Ground out 4-3 (Groundball, 4)
Top of the 3rd over - 0 run(s), 1 hit(s), 1 error(s), 1 left on base; Las Vegas 0 - Greenville 0
BOTTOM OF THE 3RD
Greenville 84s batting - Pitching for Las Vegas Flamingos : RHP Melvin Haney
Batting: RHB Joe Craig 0-0: Ball
1-0: Fly out, F5 (Popup, 56)
Batting: RHB Roberto Escues 0-0: Called Strike
0-1: Ball
1-1: Ball
2-1: Swinging Strike
2-2: Foul Ball, location: 2F
2-2: Ball
3-2: Foul Ball, location: 2F
3-2: Strikes out looking
Batting: SHB Jorge Barrios 0-0: Called Strike
0-1: Ball
1-1: Swinging Strike
1-2: Strikes out swinging, 2-3 out at first.
Bottom of the 3rd over - 0 run(s), 0 hit(s), 0 error(s), 0 left on base; Las Vegas 0 - Greenville 0
TOP OF THE 4TH
Las Vegas Flamingos batting - Pitching for Greenville 84s : RHP Quintiliano Seixal
Batting: LHB Ruud van Ineveld 0-0: Foul Ball, location: 2F
0-1: Ball
1-1: Foul Ball, location: 2F
1-2: Foul Ball, location: 2F
1-2: Foul Ball, location: 2F
1-2: Foul Ball, location: 2F
1-2: Foul Ball, location: 2F
1-2: Fly out, F7 (Flyball, 7)
Batting: LHB Victor Adams 0-0: Foul Ball, location: 2F
0-1: Foul Ball, location: 2F
0-2: Foul Ball, location: 2F
0-2: Ball
1-2: Ball
2-2: SINGLE (Flyball, 89S)
Batting: LHB Chris McKinney 0-0: Ball
1-0: Ball
2-0: Foul Ball, location: 2F
2-1: Foul Ball, location: 2F
2-2: SINGLE (Groundball, 34S) (infield hit)
Victor Adams to second
Batting: RHB Xavier Hernández 0-0: Ball
1-0: Ball
2-0: Foul Ball, location: 2F
2-1: SINGLE (Groundball, 5D)
Victor Adams to third
Chris McKinney to second
Batting: RHB Jeff Young 0-0: Fly out, F8 (Line Drive, 8LD)
Runner from 3rd tags up, SCORES, no throw
Batting: SHB Wilbert Carter 0-0: Ball
1-0: Ball
Wild Pitch!
Chris McKinney to third
Xavier Hernández to second
2-0: Ball
3-0: Base on Balls
Batting: RHB Pepe Castroneves 0-0: Ball
1-0: Called Strike
1-1: Ball
2-1: Ball
3-1: Fly out, F8 (Flyball, 8LM)
Top of the 4th over - 1 run(s), 3 hit(s), 0 error(s), 3 left on base; Las Vegas 1 - Greenville 0
BOTTOM OF THE 4TH
Greenville 84s batting - Pitching for Las Vegas Flamingos : RHP Melvin Haney
Batting: RHB Dani Serrano 0-0: Called Strike
0-1: Ground out 5-3 (Groundball, 5S)
Batting: RHB Juan García 0-0: Fly out, F7 (Flyball, 7LSF)
Batting: SHB Francisco Reyes 0-0: Called Strike
0-1: Called Strike
0-2: Strikes out swinging
Bottom of the 4th over - 0 run(s), 0 hit(s), 0 error(s), 0 left on base; Las Vegas 1 - Greenville 0
TOP OF THE 5TH
Las Vegas Flamingos batting - Pitching for Greenville 84s : RHP Quintiliano Seixal
Batting: RHB Rob Thomason 0-0: Ball
1-0: Ball
2-0: Called Strike
2-1: Swinging Strike
2-2: Foul Ball, location: 2F
2-2: Foul Ball, location: 2F
2-2: Fly out, F9 (Flyball, 9S)
Batting: RHB Sake van Arem 0-0: Fly out, F9 (Flyball, 9LM)
Batting: LHB Ruud van Ineveld 0-0: Ball
1-0: SINGLE (Groundball, 4MD)
Batting: LHB Victor Adams 0-0: Ball
1-0: Ball
2-0: Called Strike
2-1: Ball
3-1: Foul Ball, location: 2F
3-2: Foul Ball, location: 2F
3-2: Foul Ball, location: 2F
3-2: SINGLE (Line Drive, 4M)
Ruud van Ineveld to second
Ruud van Ineveld to third
Pitching: RHP Theodore Urban
Batting: LHB Chris McKinney 0-0: Ball
1-0: Fly out, F8 (Flyball, 8LD)
Top of the 5th over - 0 run(s), 2 hit(s), 0 error(s), 2 left on base; Las Vegas 1 - Greenville 0
BOTTOM OF THE 5TH
Greenville 84s batting - Pitching for Las Vegas Flamingos : RHP Melvin Haney
Batting: RHB Rodrigo Lugo 0-0: Called Strike
0-1: Called Strike
0-2: Ball
1-2: Fly out, F7 (Flyball, 7S)
Batting: RHB Gabriel Rodríguez 0-0: Ball
1-0: Ball
2-0: Ball
3-0: Called Strike
3-1: Called Strike
3-2: Base on Balls
Batting: RHB Pablo Marrero 0-0: Called Strike
0-1: Grounds into double play, 5-4-3 (Groundball, 56)
Bottom of the 5th over - 0 run(s), 0 hit(s), 0 error(s), 0 left on base; Las Vegas 1 - Greenville 0
TOP OF THE 6TH
Las Vegas Flamingos batting - Pitching for Greenville 84s : RHP Theodore Urban
Batting: RHB Xavier Hernández 0-0: Ball
1-0: Ball
2-0: Foul Ball, location: 2F
2-1: DOUBLE (Line Drive, 78D)
Batting: RHB Jeff Young 0-0: Bunt missed!
0-1: Bunted foul
0-2: Ball
1-2: Foul Ball, location: 2F
1-2: SINGLE (Flyball, 78S) - OUT at second base trying to stretch hit.
Xavier Hernández scores
Batting: SHB Wilbert Carter 0-0: Called Strike
0-1: Ball
1-1: Foul Ball, location: 2F
1-2: Ball
2-2: Fly out, F9 (Flyball, 89S)
Batting: RHB Pepe Castroneves 0-0: Ball
1-0: Called Strike
1-1: Foul Ball, location: 2F
1-2: Foul Ball, location: 2F
1-2: Ground out 5-3 (Groundball, 56)
Top of the 6th over - 1 run(s), 2 hit(s), 0 error(s), 0 left on base; Las Vegas 2 - Greenville 0
BOTTOM OF THE 6TH
Greenville 84s batting - Pitching for Las Vegas Flamingos : RHP Melvin Haney
Batting: RHB Joe Craig 0-0: Foul Ball, location: 2F
0-1: SINGLE (Line Drive, 9S)
Batting: RHB Roberto Escues 0-0: Called Strike
0-1: Called Strike
0-2: Foul Ball, location: 2F
0-2: Strikes out looking
Batting: SHB Jorge Barrios 0-0: Called Strike
0-1: Called Strike
0-2: Ball
1-2: Ball
2-2: Ball
3-2: SINGLE (Groundball, 34) (infield hit)
Joe Craig to second
Batting: RHB Dani Serrano 0-0: Ball
Wild Pitch!
Joe Craig to third
Jorge Barrios to second
1-0: Called Strike
1-1: Ground out 6-3 (Groundball, 6)
Joe Craig scores
Jorge Barrios to third
Batting: RHB Juan García 0-0: Called Strike
0-1: Called Strike
0-2: Ground out 6-3 (Groundball, 6)
Bottom of the 6th over - 1 run(s), 2 hit(s), 0 error(s), 1 left on base; Las Vegas 2 - Greenville 1
TOP OF THE 7TH
Las Vegas Flamingos batting - Pitching for Greenville 84s : RHP Theodore Urban
Batting: RHB Rob Thomason 0-0: Ball
1-0: Ball
2-0: Ground out 4-3 (Groundball, 4)
Batting: RHB Sake van Arem 0-0: Ball
1-0: Called Strike
1-1: Ground out 5-3 (Groundball, 56)
Batting: LHB Ruud van Ineveld 0-0: Ball
1-0: Ball
2-0: Called Strike
2-1: Swinging Strike
2-2: Fly out, F7 (Flyball, 56D)
Top of the 7th over - 0 run(s), 0 hit(s), 0 error(s), 0 left on base; Las Vegas 2 - Greenville 1
BOTTOM OF THE 7TH
Greenville 84s batting - Pitching for Las Vegas Flamingos : RHP Melvin Haney
Batting: SHB Francisco Reyes 0-0: Called Strike
0-1: Ball
1-1: Foul Ball, location: 2F
1-2: Foul Ball, location: 2F
1-2: Ball
2-2: SINGLE (Groundball, 4D)
Batting: RHB Rodrigo Lugo 0-0: Sac Bunt - play at first, batter OUT! 1-4
Francisco Reyes to second
Batting: RHB Gabriel Rodríguez 0-0: Ball
1-0: Foul Ball, location: 2F
1-1: Fly out, F7 (Flyball, 7LMF)
Batting: RHB Pablo Marrero 0-0: Called Strike
0-1: Swinging Strike
0-2: Ball
1-2: Strikes out swinging
Bottom of the 7th over - 0 run(s), 1 hit(s), 0 error(s), 1 left on base; Las Vegas 2 - Greenville 1
TOP OF THE 8TH
Las Vegas Flamingos batting - Pitching for Greenville 84s : RHP Theodore Urban
Batting: LHB Victor Adams 0-0: Called Strike
0-1: Swinging Strike
0-2: Ball
1-2: Ball
2-2: Strikes out looking
Batting: LHB Chris McKinney 0-0: Ball
1-0: Swinging Strike
1-1: Ball
2-1: Foul Ball, location: 2F
2-2: Ground out 4-3 (Groundball, 4)
Batting: RHB Xavier Hernández 0-0: Called Strike
0-1: Ball
1-1: Foul Ball, location: 2F
1-2: Ball
2-2: Foul Ball, location: 2F
2-2: Strikes out swinging
Top of the 8th over - 0 run(s), 0 hit(s), 0 error(s), 0 left on base; Las Vegas 2 - Greenville 1
BOTTOM OF THE 8TH
Greenville 84s batting - Pitching for Las Vegas Flamingos : RHP Melvin Haney
Pitching: RHP Enrique García
Batting: RHB Joe Craig 0-0: Foul Ball, location: 2F
0-1: Swinging Strike
0-2: Ball
1-2: Strikes out swinging
Pitching: RHP Seung-yeop Kim
Batting: RHB Roberto Escues 0-0: Ball
1-0: Foul Ball, location: 2F
1-1: SINGLE (Flyball, 8LS)
Pitching: LHP Josh Cox
Batting: SHB Jorge Barrios 0-0: Ball
1-0: Called Strike
1-1: Foul Ball, location: 2F
1-2: Strikes out swinging
Pitching: RHP Archibald Bridgestone
Batting: RHB Dani Serrano 0-0: Foul Ball, location: 2F
0-1: Foul Ball, location: 2F
0-2: Ball
1-2: Fly out, F9 (Flyball, 9S)
Bottom of the 8th over - 0 run(s), 1 hit(s), 0 error(s), 1 left on base; Las Vegas 2 - Greenville 1
TOP OF THE 9TH
Las Vegas Flamingos batting - Pitching for Greenville 84s : RHP Theodore Urban
Batting: RHB Jeff Young 0-0: Ball
1-0: Ball
2-0: Called Strike
2-1: Called Strike
2-2: Strikes out swinging
Batting: SHB Wilbert Carter 0-0: SINGLE (Groundball, 34D)
Pinch Hitting: RHB John Aston 0-0: DOUBLE (Flyball, 7D)
Wilbert Carter to third
Runner from 3rd tries for Home, SAFE, no throw
Batting: RHB Rob Thomason 0-0: Foul Ball, location: 2F
0-1: Ground out 4-3 (Groundball, 4)
John Aston to third
Pitching: LHP José Rico
Batting: RHB Sake van Arem 0-0: Called Strike
0-1: Swinging Strike
0-2: Ball
1-2: Ball
2-2: Strikes out swinging
Top of the 9th over - 1 run(s), 2 hit(s), 0 error(s), 1 left on base; Las Vegas 3 - Greenville 1
BOTTOM OF THE 9TH
Greenville 84s batting - Pitching for Las Vegas Flamingos : RHP Archibald Bridgestone
Pitching: RHP John Brown
Now in RF: Terry Sylvester
Batting: RHB Juan García 0-0: Foul Ball, location: 2F
0-1: Called Strike
0-2: Ball
1-2: Foul Ball, location: 2F
1-2: Ball
2-2: Ball
3-2: Base on Balls
Batting: SHB Francisco Reyes 0-0: Fielders Choice at 2nd, 6-4 (Groundball, 6)
Now at 2B: Job Pels
Batting: RHB Rodrigo Lugo 0-0: SINGLE (Groundball, 2L) (infield hit)
Francisco Reyes to second
Batting: RHB Gabriel Rodríguez 0-0: Foul Ball, location: 2F
0-1: Foul Ball, location: 2F
0-2: 3-RUN HOME RUN (Line Drive, 7LD), Distance : 365 ft
Saturday, May 26th, 2018 - OOTP Baseball 17.12 Build 75